Map: King Sejong Station LE

Players

uThermal - Winner!

  • Race: Terran Terran

Hydra

  • Race: Zerg Zerg

Event: WCS Copa Intercontinental

VOD

Have the link to the VOD?

Description

Time

  • Played on: Sept. 10, 2016, 3:52 p.m.
  • Length: 3:41

All games in this series

Show
View Real Time Build Order
Export as new Build Order

uThermal Terran - Winner!

Build Orders:  

Get SALT Encoding   

  12  0:09  Supply Depot  
  12  0:14  SCV  
  13  0:37  Barracks  
  13  0:50  Barracks  
  13  1:05  Barracks  
  13  1:09  SCV  
  14  1:24  Marine  
  15  1:29  Barracks  
  15  1:37  Marine  
  16  1:42  Marine  
  17  1:47  Supply Depot  
  17  1:52  Marine  
  18  1:57  Marine  
  19  2:01  Marine  
  20  2:13  Marine  
  20  2:14  Marine  
  22  2:16  Marine  
  23  2:24  Marine  
  24  2:34  Supply Depot  
  24  2:36  Marine  
  25  2:44  Marine  
  25  2:46  Marine  
  25  2:49  Marine  
  28  2:57  Marine  
  29  3:02  Marine  
  27  3:13  Marine  
  27  3:14  Marine  
  27  3:18  Marine  
Show
View Real Time Build Order
Export as new Build Order

Hydra Zerg 

Build Orders: Hatch First 

Get SALT Encoding   

  12  0:00  Drone  
  13  0:12  Overlord  
  13  0:17  Drone  
  14  0:30  Drone x2  
  14  0:34  Drone  
  17  0:51  Hatchery  
  17  0:54  Drone  
  17  0:57  Drone  
  18  1:06  Extractor  
  17  1:13  Spawning Pool  
  17  1:15  Drone  
  17  1:19  Drone  
  18  1:27  Drone  
  19  1:38  Overlord  
  19  1:59  Queen  
  19  2:00  Zergling x4  
  23  2:03  Queen, Zergling x2  
  23  2:06  Metabolic Boost  
  26  2:10  Drone  
  27  2:16  Zergling x2  
  27  2:22  Drone  
  29  2:25  Zergling x2  
  30  2:31  Roach Warren  
  30  2:35  Zergling x2  
  28  2:47  Zergling x4  
  28  2:48  Zergling x2  
  29  2:58  Zergling x4  
  27  3:12  Zergling x4  
  23  3:13  Zergling x2  
Tags
 
Add a new tag
Caveats
  • Supply blocks, unpowered buildings, or Contaminate may cause inaccurate times.
  • Supply counts are checked every 10 seconds.